 Dungeon Crawl Stone Soup version 0.31-a0-1626-g5cb510d322 (webtiles) character file.

Game seed: 16856815796680045859

144 Pooter the Chopper (level 5, 0/47 HPs)
             Began as a Minotaur Berserker on Jan 13, 2024.
             Was a Believer of Trog.
             Slain by Grinder (5 damage)
             ... while paralysed by Grinder
             ... on level 3 of the Dungeon.
             The game lasted 00:05:19 (1375 turns).

Pooter the Chopper (Minotaur Berserker)             Turns: 1375, Time: 00:05:19

Health: 0/47       AC:  0    Str: 24    XL:     5   Next: 5%
Magic:  4/4        EV:  5    Int:  4    God:    Trog [**....]
Gold:   80         SH:  0    Dex: 14    Spells: 4/4 levels left

rFire   . . .        k - melded +0 mace (heavy)
rCold   . . .        (shield currently unavailable)
rNeg    . . .        b - melded +0 animal skin
rPois   .            (helmet currently unavailable)
rElec   .            (cloak currently unavailable)
rCorr   .            (gloves currently unavailable)
SInv    .            (boots currently unavailable)
Will    .....        (no amulet)
Stlth   +            (ring currently unavailable)
HPRegen 0.27/turn    (ring currently unavailable)
MPRegen 0.09/turn

%: no passive effects
@: paralysed, bat-form, on berserk cooldown, flying, slowed, very quick
A: fast, flying, no casting, tiny, (horns 2), (retaliatory headbutt)
a: Renounce Religion, Berserk, Trog's Hand


You were on level 3 of the Dungeon.
You worshipped Trog.
Trog was pleased with you.
You were a bat.
You visited 1 branch of the dungeon, and saw 3 of its levels.

You collected 80 gold pieces.

Inventory:

Hand Weapons
 a - a +0 hand axe of venom
   (You found it on level 1 of the Dungeon)
 k - a +0 heavy mace (melded)
   (You found it on level 3 of the Dungeon)
Missiles
 e - 5 javelins
 f - 11 poisoned darts
 Q - 3 stones
Armour
 b - a +0 animal skin (melded)
Jewellery
 d - a ring of fire
   (You found it on level 2 of the Dungeon)
 j - a +6 ring of intelligence
   (You found it on level 3 of the Dungeon)
Scrolls
 g - a scroll of torment {unknown}
 i - 2 scrolls of identify {@r1}
Potions
 c - 2 potions of heal wounds {@q2}
 h - a potion of brilliance {unknown}


   Skills:
 + Level 4.7 Fighting
 * Level 5.6 Axes
 + Level 1.8 Throwing
 - Level 2.4 Armour
 - Level 2.1 Dodging


You had 4 spell levels left.
You didn't know any spells.
Your spell library was empty.

Dungeon Overview and Level Annotations

Branches:
Dungeon (3/15) Zot: 16599

Altars:

Annotations:
D:3 1 runed translucent door, Grinder


Innate Abilities, Weirdness & Mutations

You are a bat.
You are tiny and dextrous.
You move quickly.
You are flying.
Your equipment is almost entirely melded.
You are incapable of wielding weapons or throwing items.
You cannot cast spells.
((You have a pair of horns on your head.))
((You reflexively headbutt those who attack you in melee.))


Message History

Grinder blinks!
You sock the giant cockroach!
You kill the giant cockroach!
Trog accepts your kill.
You feel sick.
You are no longer poisoned.
Grinder gestures at you.
You suddenly lose the ability to move!
You can move again.
Unknown command.
There is an open translucent door, spattered with blood here.
You see here a giant cockroach corpse.
You enter the shallow water.
Moving in this stuff is going to be slow.
Grinder zaps a wand.
You resist with almost no effort.
Grinder splashes around in the water.
Grinder says, "You look like you could use a good racking."
Grinder hits you!
You writhe in agony.
* * * LOW HITPOINT WARNING * * *
You sock Grinder! Grinder hits you.
* * * LOW HITPOINT WARNING * * *
You writhe in agony.
* * * LOW HITPOINT WARNING * * *
Grinder gestures at you. You resist with almost no effort.
Grinder closely misses you.
You sock Grinder! Your headbutt misses Grinder. You punch Grinder.
You feel the effects of Trog's Hand fading.
Grinder gestures at you. You resist with almost no effort.
Grinder blinks!
Grinder blinks!
Your skin stops crawling.
You feel less strong-willed.
Grinder zaps a wand.
You fly out of the water as you turn into a bat.
Your +0 heavy mace melds into your body.
Your +0 animal skin melds into your body.
Grinder gestures at you.
You barely resist. Grinder completely misses you.
You completely miss Grinder. Grinder hits you!
* * * LOW HITPOINT WARNING * * *
You writhe in agony.
* * * LOW HITPOINT WARNING * * *
You hit Grinder. Grinder gestures at you.
You suddenly lose the ability to move!
Grinder hits you.
* * * LOW HITPOINT WARNING * * *
You writhe in agony.
You die...
Grinder says, "Hey, I wasn't done torturing you yet!"

#####.. .####.....
...#..... .##......
.........
.$......###########.
........#~~~~~~~~~#. #.#
......†.†~~~b5~~~~+. #.#
#....##.#~~~~~~~~~#.
#.## #..
+..##################.##
#
###..#.............##.#.
#........#######.#....
#.......## #.#....
#.......# #......
##......# ###....
#.......# ##....


You could see Grinder.

Vanquished Creatures
  The ghost of soul19 the Changeling, a weakling DgSh (D:3)
  5 adders
  2 dart slugs
  A ribbon worm (D:2)
  4 bats
  5 endoplasms (D:2)
  6 giant cockroaches
  4 goblins
  2 hobgoblins
  7 kobolds
  2 quokkas (D:2)
  7 ball pythons
  4 frilled lizards
50 creatures vanquished.

Notes
Turn   | Place    | Note
-------+----------+-------------------------------------------
     0 | D:1      | Pooter the Minotaur Berserker began the quest for the Orb.
     0 | D:1      | Reached XP level 1. HP: 19/19 MP: 0/0
   157 | D:1      | Reached skill level 4 in Axes
   266 | D:1      | Reached XP level 2. HP: 27/27 MP: 1/1
   964 | D:2      | Reached ** piety under Trog
   965 | D:2      | Reached XP level 3. HP: 33/33 MP: 2/2
  1054 | D:2      | Reached skill level 1 in Throwing
  1076 | D:2      | Reached skill level 5 in Axes
  1153 | D:2      | Reached XP level 4. HP: 41/41 MP: 3/3
  1346 | D:3      | Found a runed translucent door.
  1346 | D:3      | Noticed soul19's ghost (weakling DgSh)
  1350 | D:3      | Noticed Grinder
  1358 | D:3      | Killed soul19's ghost
  1364 | D:3      | Reached XP level 5. HP: 22/47 MP: 4/4
  1365 | D:3      | Paralysed by Grinder for 2 turns
  1371 | D:3      | Found a runed translucent door.
  1374 | D:3      | Paralysed by Grinder for 4 turns
  1375 | D:3      | Slain by Grinder

Illustrated notes

Levels and vault maps discovered:
D:1:      kennysheep_arrival_seaside, layout_loops_ring
D:2:      layout_rooms
D:3:      layout_basic, ebering_ghost_sewer_f, uniq_grinder

Skill      XL: |  1  2  3 |
---------------+----------+-----
Axes           | 4 5 |  5.6
Fighting       | 4 |  4.7
Throwing       | 1 |  1.8
Armour         | |  2.4
Dodging        | |  2.1

Action                     |  1- 3 |  4- 6 || total
---------------------------+-------+-------++-------
  Melee: Hand axe          |    63 |     4 ||    67
         Headbutt          |     3 |     2 ||     5
         Mace              |       |    16 ||    16
         Unarmed           |       |     2 ||     2
         Punch             |       |     1 ||     1
 Invoke: Berserk           |       |     1 ||     1
         Trog's Hand       |       |     1 ||     1
    Use: Scroll            |     1 |       ||     1
 Armour: Animal skin       |    29 |    22 ||    51
         Skin              |       |     2 ||     2
  Dodge: Dodged            |    44 |    31 ||    75

Table legend: (Time is in decaauts)
 A = Elapsed time spent in this place.
 B = Non-inter-level travel time spent in this place.
 C = Inter-level travel time spent in this place.
 D = Time resting spent in this place.
 E = Time spent auto-exploring this place.
 F = Levels seen in this place.
 G = Mean time per level.
                   A        B        C        D        E       F      G
               +--------+--------+--------+--------+--------+-----+--------+
         Total |   1399 |   1330 |     69 |      0 |   1050 |   3 |  466.3 |
       Dungeon |   1399 |   1330 |     69 |      0 |   1050 |   3 |  466.3 |
               +--------+--------+--------+--------+--------+-----+--------+

Top non-repeatable levels by time:
     D:1: 879 daAuts
     D:2: 414 daAuts
     D:3: 105 daAuts
